Get step-by-step instructions on how to execute this build order below. Start the game timer, and the build order will tick by so you can play in parallel with StarCraft on a second screen or mobile device.

Game Time

  0:00

Last Step

  N/A

Next Step

  12  0:01  Probe  

Upcoming Step

  13  0:13  Probe  

Don't want to look back and forth between 2 screens? Try out our Overwolf App, the Spawning Tool Build Advisor to get an in-game overlay with this build!

Complete Build Order

  12  0:01  Probe  
  13  0:13  Probe  
  14  0:21  Pylon  
  14  0:25  Probe  
  15  0:39  Probe  
  16  0:43  Gateway  
  16  0:51  Probe  
  16  0:54  Assimilator  
  17  1:04  Probe  
  18  1:10  Pylon  
  18  1:16  Probe  
  19  1:21  Assimilator  
  19  1:28  Probe  
  19  1:31  Cybernetics Core  
  20  1:39  Warp Gate  
  20  1:40  Probe  
  21  1:52  Probe  
  22  2:04  Probe  
  22  2:07  Zealot  
  25  2:17  Robotics Facility  
  25  2:23  Probe  
  26  2:35  Probe  
  27  2:37  Zealot  
  28  3:05  Gateway  
  28  3:07  Nexus  
  28  3:11  Pylon  
  28  3:17  Probe  
  29  3:20  Immortal  
  33  3:48  Forge  
  33  3:53  Pylon  
  33  3:59  Warp Prism  
  35  4:06  Nexus  
  35  4:11  Probe, Protoss Ground Weapons Level 1  
  35  4:16  Stalker x2  
  40  4:23  Probe  
  41  4:36  Probe  
  42  4:48  Probe  
  43  5:00  Probe  
  43  5:06  Forge  
  44  5:08  Pylon  
  44  5:12  Probe, Pylon  
  45  5:24  Probe  
  46  5:40  Zealot x2  
  50  5:52  Probe x2  
  48  6:06  Stalker x2  
  48  6:07  Probe x2  
  50  6:19  Probe x2  
  50  6:41  Probe x2  
  52  6:51  Zealot  
  52  6:52  Zealot  
  56  7:11  Pylon  
  56  7:14  Pylon  
  56  7:15  Protoss Ground Armor Level 1  
  56  7:17  Assimilator, Protoss Shields Level 1  
  56  7:22  Assimilator  
  44  7:24  Pylon  
  44  7:27  Pylon  
  44  7:34  Stargate  
  44  7:37  Stargate  
  44  7:42  Stargate  
  44  7:43  Stargate  
  44  7:44  Probe  
  44  7:45  Pylon  
  44  7:48  Probe  
  44  7:50  Pylon  
  46  7:53  Probe  
  46  7:57  Pylon  
  47  7:59  Photon Cannon  
  47  8:00  Probe  
  47  8:04  Photon Cannon  
  48  8:05  Photon Cannon  
  48  8:09  Photon Cannon  
  48  8:11  Photon Cannon  
  48  8:15  Photon Cannon  
  48  8:19  Photon Cannon, Stalker  
  50  8:20  Stalker  
  50  8:21  Photon Cannon  
  52  8:35  Twilight Council  
  52  8:38  Phoenix  
  52  8:42  Immortal  
  52  8:46  Phoenix x3  
  64  8:52  Protoss Air Weapons Level 1  
  64  8:55  Cybernetics Core  
  64  9:00  Phoenix  
  64  9:05  Phoenix  
  68  9:22  Charge  
  68  9:25  Phoenix  
  70  9:33  Void Ray  
  70  9:34  Phoenix  
  70  9:36  Stalker  
  70  9:37  Stalker  
  74  9:41  Phoenix  
  82  9:51  Protoss Air Armor Level 1  
  82  10:12  Void Ray  
  86  10:25  Stalker  
  86  10:26  Stalker  
  89  10:35  Void Ray  
  92  10:49  Void Ray  
  92  10:56  Void Ray  
  100  11:14  Void Ray  
  104  11:54  Void Ray x2  
  90  12:15  Void Ray  
  74  12:57  Phoenix x2  
  74  12:58  Phoenix  
  80  12:59  Phoenix  
  82  13:22  Phoenix x2  
  86  14:05  Phoenix x3  
  86  14:06  Phoenix  
  72  14:30  Phoenix x2  
  56  14:48  Phoenix x2  
  56  14:51  Phoenix  
  60  14:56  Phoenix  
  60  15:06  Phoenix  
  44  15:56  Gateway  
  44  15:58  Gateway  
  44  15:59  Gateway  
  44  16:02  Gateway  
  44  16:04  Gateway  
  44  16:05  Photon Cannon  
  44  16:07  Photon Cannon  
  44  16:10  Photon Cannon, Warp Prism  
  46  16:13  Protoss Ground Armor Level 2  
  46  16:20  Fleet Beacon  
  46  16:22  Phoenix x4  
  54  16:47  Phoenix  
  52  17:39  Phoenix x4  
  60  18:04  Phoenix x2